Map: Lerilak Crest

Players

FireCake - Winner!

  • Race: Zerg Zerg
  • League: Grandmaster

MyuNgSiK

  • Race: Protoss Protoss

Event: Gauntlet LotV Series 1 Qualifier 2

VOD

Have the link to the VOD?

Description

Time

  • Played on: Dec. 5, 2015, 4:50 p.m.
  • Length: 16:47

All games in this series

Show
View Real Time Build Order
Export as new Build Order

FireCake Zerg - Winner!

Build Orders: Hatch First 

Get SALT Encoding   

  12  0:00  Drone  
  13  0:08  Drone  
  14  0:17  Overlord  
  14  0:22  Extractor  
  14  0:23  Drone  
  15  0:35  Drone x2  
  17  0:51  Hatchery  
  17  0:56  Drone  
  17  0:58  Drone  
  18  1:10  Extractor  
  17  1:14  Spawning Pool  
  17  1:16  Drone  
  17  1:20  Drone  
  18  1:26  Drone  
  19  1:37  Overlord  
  19  1:48  Drone  
  20  1:58  Drone  
  21  2:02  Queen  
  21  2:03  Queen  
  21  2:04  Drone  
  26  2:10  Metabolic Boost  
  26  2:18  Drone x2  
  28  2:30  Hatchery  
  28  2:34  Drone x2  
  29  2:37  Drone  
  29  2:38  Drone  
  29  2:42  Drone  
  32  2:51  Overlord  
  32  2:55  Drone  
  33  3:00  Drone  
  33  3:02  Queen  
  36  3:11  Zergling x2  
  36  3:12  Zergling x6  
  40  3:13  Drone  
  40  3:14  Drone x3  
  40  3:18  Overlord  
  44  3:22  Overlord  
  44  3:30  Lair  
  44  3:36  Drone x2, Extractor x2  
  44  3:38  Drone  
  45  3:48  Drone  
  45  3:49  Drone x6  
  51  3:56  Drone x2  
  53  4:05  Spore Crawler  
  53  4:06  Spore Crawler  
  53  4:07  Spore Crawler  
  53  4:08  Drone x3  
  53  4:12  Evolution Chamber, Overlord  
  53  4:15  Drone  
  53  4:16  Drone  
  54  4:19  Extractor  
  54  4:20  Drone x2  
  54  4:21  Drone  
  54  4:22  Drone  
  57  4:25  Drone  
  57  4:26  Drone  
  57  4:28  Hydralisk Den  
  58  4:33  Drone x2  
  58  4:34  Drone  
  61  4:38  Zergling x2  
  61  4:39  Zergling x4  
  61  4:40  Zergling x2  
  65  4:57  Hydralisk x5  
  66  5:07  Drone x5  
  66  5:15  Drone x4  
  66  5:20  Zerg Missile Weapons Level 1  
  69  5:25  Drone x3  
  69  5:26  Drone x2  
  71  5:28  Overlord  
  70  5:37  Overlord x3  
  70  5:42  Muscular Augments  
  70  5:49  Drone  
  72  5:50  Drone x2  
  72  5:56  Drone x2  
  72  5:57  Drone x3  
  76  6:01  Hydralisk x3  
  84  6:09  Hatchery  
  83  6:13  Hydralisk x2  
  83  6:17  Overlord  
  83  6:18  Overlord  
  87  6:20  Hydralisk  
  87  6:21  Hydralisk  
  91  6:30  Hydralisk x3  
  97  6:37  Hydralisk x2  
  97  6:38  Hydralisk x2  
  97  6:39  Hydralisk  
  107  6:43  Roach Warren  
  107  6:44  Drone  
  107  6:51  Hydralisk  
  107  6:52  Hydralisk x2  
  107  6:53  Overlord  
  113  6:55  Overlord  
  113  6:57  Overlord  
  113  6:59  Overlord  
  113  7:02  Zergling x2  
  114  7:20  Zerg Missile Weapons Level 2  
  105  7:26  Drone x2  
  105  7:27  Roach x8  
  105  7:28  Glial Reconstitution  
  123  7:34  Roach x2, Zergling x4  
  129  7:41  Roach x3, Zergling x4  
  129  7:42  Zergling x6  
  140  7:46  Overseer  
  140  7:48  Roach  
  140  7:49  Zergling x4  
  144  7:59  Roach  
  144  8:00  Roach x3  
  152  8:07  Overlord x2  
  152  8:08  Overlord x3  
  152  8:13  Queen  
  152  8:17  Roach x5  
  143  8:27  Roach x2  
  143  8:28  Roach x5  
  153  8:37  Roach x4  
  153  8:38  Roach  
  153  8:39  Zergling x8  
  167  8:45  Zergling x10  
  172  8:52  Zergling x4  
  174  9:01  Roach  
  174  9:02  Roach x3  
  154  9:07  Roach  
  154  9:08  Roach x6  
  154  9:10  Hydralisk  
  154  9:11  Zergling x2  
  154  9:12  Zergling x6  
  154  9:16  Hydralisk  
  140  9:25  Roach x4  
  147  9:32  Hydralisk x2, Zergling x2  
  147  9:37  Zerg Melee Weapons Level 1  
  130  9:39  Zergling x6  
  130  9:40  Zergling x14  
  130  9:46  Zergling x6  
  130  9:51  Roach x3  
  139  9:59  Hydralisk x4  
  142  10:11  Roach x4  
  147  10:17  Hydralisk  
  147  10:18  Hydralisk, Zergling x2  
  147  10:19  Zergling x4  
  154  10:25  Zergling x10  
  155  10:32  Hydralisk x3  
  155  10:33  Zergling x2  
  148  10:47  Hydralisk x4  
  148  10:48  Zergling x8  
  137  10:57  Hydralisk x2  
  137  10:58  Zergling x14  
  136  11:06  Hydralisk x2  
  136  11:07  Zergling x6  
  116  11:11  Zergling x6  
  105  11:20  Hydralisk x3  
  111  11:26  Hydralisk  
  111  11:27  Zergling x2  
  114  11:34  Extractor x2  
  114  11:35  Hydralisk x2  
  114  11:36  Zergling x2  
  114  11:37  Zergling x4  
  119  11:40  Zergling x4  
  119  11:41  Zergling x4  
  119  11:46  Hatchery, Hydralisk x2  
  126  11:48  Zergling x2  
  126  11:49  Zergling x2  
  128  12:01  Roach x6  
  140  12:02  Roach  
  142  12:08  Overlord x2  
  142  12:25  Roach x2  
  142  12:26  Roach x7  
  160  12:32  Roach x3  
  160  12:33  Roach  
  160  12:35  Ravager  
  160  12:36  Ravager  
  170  12:47  Hydralisk x4  
  170  12:48  Hydralisk, Zergling x2  
  177  12:53  Overlord  
  177  12:54  Overlord  
  177  13:00  Hydralisk x3  
  173  13:13  Roach x6  
  173  13:19  Zergling x10  
  183  13:24  Zergling x8  
  183  13:27  Ravager  
  183  13:28  Ravager x2  
  183  13:33  Zergling x8  
  181  13:41  Roach  
  181  13:42  Roach x3  
  179  13:48  Hydralisk x2  
  179  13:49  Zergling x2  
  179  13:54  Zergling x2  
  179  13:55  Zergling x4  
  174  14:05  Zergling x16  
  178  14:13  Ravager x6  
  178  14:14  Zergling x8  
  175  14:37  Hydralisk x5, Zergling x2  
  175  14:38  Zergling x14  
  168  14:43  Hydralisk x2  
  168  14:44  Zergling x2  
  153  14:53  Roach x5  
  153  14:54  Zergling x2  
  152  15:09  Zergling x8  
  152  15:10  Zergling x14  
  160  15:23  Ravager x2  
  160  15:24  Ravager x5  
  166  15:28  Hatchery  
  157  15:40  Lair  
  150  15:44  Hydralisk Den  
  150  15:47  Hydralisk x2  
  150  15:48  Hydralisk  
  148  15:53  Spawning Pool  
  147  15:59  Overlord x3  
  147  16:04  Roach  
  147  16:05  Roach x4  
  143  16:16  Roach x3  
Show
View Real Time Build Order
Export as new Build Order

MyuNgSiK Protoss 

Build Orders: 1 Gate Expand, Oracle Opening 

Get SALT Encoding   

  12  0:01  Probe (Chrono Boost)  
  13  0:11  Probe (Chrono Boost)  
  14  0:21  Pylon  
  14  0:24  Probe (Chrono Boost)  
  15  0:39  Probe (Chrono Boost)  
  15  0:41  Gateway  
  17  0:50  Probe (Chrono Boost)  
  17  0:53  Assimilator  
  17  1:00  Probe (Chrono Boost)  
  18  1:11  Probe (Chrono Boost)  
  19  1:21  Probe (Chrono Boost)  
  20  1:28  Nexus  
  20  1:32  Probe (Chrono Boost)  
  21  1:40  Cybernetics Core  
  21  1:44  Probe (Chrono Boost)  
  22  1:49  Assimilator  
  22  1:56  Pylon  
  22  1:58  Probe (Chrono Boost)  
  23  2:14  Probe (Chrono Boost)  
  24  2:17  Warp Gate  
  24  2:18  Adept  
  26  2:26  Mothership Core (Chrono Boost)  
  28  2:40  Probe (Chrono Boost)  
  29  2:44  Gateway, Probe (Chrono Boost)  
  29  2:45  Sentry  
  29  2:47  Gateway  
  32  2:52  Probe (Chrono Boost)  
  32  2:55  Probe (Chrono Boost)  
  34  3:01  Pylon  
  34  3:03  Probe (Chrono Boost)  
  36  3:05  Probe (Chrono Boost)  
  36  3:11  Stargate  
  36  3:16  Probe x2 (Chrono Boost)  
  38  3:25  Adept  
  38  3:26  Probe x2 (Chrono Boost)  
  42  3:31  Pylon  
  42  3:37  Probe x2 (Chrono Boost)  
  42  3:41  Pylon  
  44  3:47  Probe x2 (Chrono Boost)  
  46  3:55  Oracle (Chrono Boost)  
  46  3:56  Probe (Chrono Boost)  
  46  3:58  Probe  
  46  4:00  Pylon  
  51  4:07  Probe  
  52  4:10  Probe  
  52  4:15  Assimilator  
  52  4:17  Assimilator  
  53  4:20  Adept x3  
  53  4:22  Gateway  
  59  4:25  Pylon  
  59  4:26  Probe  
  59  4:27  Probe  
  61  4:37  Probe, Void Ray (Chrono Boost)  
  66  5:05  Forge  
  66  5:06  Twilight Council  
  64  5:08  Probe  
  64  5:10  Probe  
  64  5:13  Robotics Facility  
  60  5:29  Adept  
  60  5:30  Adept x3  
  60  5:33  Resonating Glaives (Chrono Boost)  
  66  5:37  Pylon x2  
  66  5:40  Gateway x2, Protoss Ground Armor Level 1  
  66  5:47  Pylon  
  66  5:49  Pylon  
  66  5:50  Adept  
  66  5:51  Adept x3  
  66  5:55  Pylon  
  74  6:01  Observer (Chrono Boost)  
  75  6:13  Adept x4  
  83  6:20  Warp Prism (Chrono Boost)  
  85  6:33  Nexus  
  85  6:35  Pylon  
  85  6:45  Robotics Bay  
  85  6:47  Adept  
  85  6:48  Adept x3  
  93  7:06  Probe x2  
  95  7:11  Adept x6  
  107  7:16  Blink  
  97  7:32  Disruptor (Chrono Boost)  
  98  7:38  Probe x2  
  98  7:41  Pylon  
  98  7:43  Pylon  
  100  7:45  Sentry x3, Adept x3  
  112  7:59  Protoss Ground Weapons Level 1 (Chrono Boost)  
  112  8:00  Probe  
  112  8:01  Probe x2  
  112  8:03  Disruptor (Chrono Boost)  
  118  8:13  Probe  
  119  8:21  Stalker x5  
  119  8:23  Stalker  
  129  8:30  Probe x2, Phoenix  
  129  8:31  Probe  
  129  8:32  Assimilator  
  134  8:35  Assimilator  
  134  8:43  Probe  
  135  8:49  Stalker x3  
  135  8:50  Stalker  
  137  9:04  Probe  
  137  9:08  Stalker x2  
  131  9:12  Stalker x2  
  127  9:21  Stalker x2  
  119  9:40  Stalker x4  
  123  9:46  Immortal  
  127  10:00  Stalker x2  
  128  10:19  Stalker x4  
  130  10:30  Probe  
  130  10:34  Phoenix  
  130  10:42  Probe  
  133  10:45  Stalker x4  
  137  10:55  Phoenix  
  129  10:58  Stalker x2  
  115  11:12  Stalker x4, Gateway  
  115  11:15  Gateway  
  117  11:27  Probe x2  
  117  11:28  Probe  
  117  11:31  Pylon, Photon Cannon  
  120  11:33  Sentry x2  
  120  11:38  Protoss Ground Weapons Level 2 (Chrono Boost)  
  124  11:40  Stalker  
  124  11:41  Stalker x3  
  132  11:56  Stalker x2  
  136  12:04  Stalker x2  
  136  12:05  Stalker  
  142  12:10  Pylon  
  142  12:17  Observer (Chrono Boost)  
  142  12:19  Stalker x2  
  147  12:24  Adept x2  
  145  12:38  Warp Prism (Chrono Boost)  
  147  12:52  Templar Archives  
  147  12:57  Nexus  
  147  12:59  Sentry x4  
  147  13:00  Sentry  
  157  13:19  Disruptor (Chrono Boost)  
  153  13:29  Stalker x4  
  153  13:30  Stalker  
  155  13:54  Disruptor (Chrono Boost)  
  155  13:55  Stalker x5  
  165  14:16  Pylon  
  141  14:42  Stalker x6  
  125  16:03  Stalker x3  
  93  16:14  Stalker x4  
  93  16:15  Stalker  
Tags
 
Add a new tag
Caveats
  • Supply blocks, unpowered buildings, or Contaminate may cause inaccurate times.
  • Supply counts are checked every 10 seconds.